 Dungeon Crawl Stone Soup version 0.29.1-12-g30fa7ad0bf (webtiles) character file.

Game seed: 13716908911154374129

14554 LustLizard the Cleaver (level 11, -6/90 HPs)
             Began as a Minotaur Monk on Jan 5, 2023.
             Was a High Priest of Cheibriados.
             Mangled by a large abomination (10 damage)
             ... on level 1 of the Abyss.
             The game lasted 00:22:20 (13190 turns).

LustLizard the Cleaver (Minotaur Monk)             Turns: 13190, Time: 00:22:20

Health: -6/90      AC: 13    Str: 36      XL:     11   Next: 90%
Magic:  5/5        EV: 10    Int: 18 (21) God:    Cheibriados [*****.]
Gold:   924        SH:  5    Dex: 25      Spells: 5/10 levels left

rFire   . . .      SeeInvis .   q - +3 hand axe (antimagic)
rCold   + . .      Faith    .   M - +0 buckler
rNeg    . . .      Spirit   .   B - +0 plate armour
rPois   .          Reflect  .   h - +2 hat
rElec   .          Harm     .   (no cloak)
rCorr   .          Rampage  .   (no gloves)
Will    .....                   m - +0 pair of boots
Stlth   ..........              (no amulet)
HPRegen 0.25/turn               o - +6 ring of strength
MPRegen 0.09/turn               J - ring of protection from cold

@: very slow
A: horns 2, retaliatory headbutt, frail 1
a: Renounce Religion, Bend Time, Temporal Distortion, Slouch, Step From Time


You were on level 1 of the Abyss.
You worshipped Cheibriados.
Cheibriados was extremely pleased with you.
You visited 2 branches of the dungeon, and saw 12 of its levels.
You visited the Abyss 1 time.

You collected 950 gold pieces.
You spent 26 gold pieces at shops.

Inventory:

Hand Weapons
 q - a +3 antimagic hand axe (weapon)
 C - a +0 war axe
Missiles
 d - 120 stones
 u - 32 poisoned darts (quivered)
 A - 8 boomerangs
 D - a throwing net
Armour
 h - a +2 hat (worn)
 m - a +0 pair of boots (worn)
 B - a +0 plate armour (worn)
 M - a +0 buckler (worn)
Jewellery
 o - a +6 ring of strength (left hand)
 r - a +6 ring of dexterity
 x - a ring of positive energy
 F - a ring of magical power
 J - a ring of protection from cold (right hand)
 L - a ring of positive energy
 N - a ring of ice
 O - a ring of see invisible
 P - a ring of positive energy
Wands
 n - a wand of paralysis (19)
 E - a wand of flame (95)
 K - a wand of roots (11)
Scrolls
 f - a scroll of summoning
 g - 4 scrolls of butterflies
 l - 3 scrolls of teleportation
 t - 2 scrolls of vulnerability {unknown}
 v - a scroll of acquirement {unknown}
 y - 2 scrolls of blinking {unknown}
 G - a scroll of silence {unknown}
 H - a scroll of enchant weapon {unknown}
 I - 2 scrolls of enchant armour {unknown}
 R - 2 scrolls of identify
 T - a scroll of immolation {unknown}
Potions
 a - a potion of invisibility
 b - a potion of heal wounds
 c - 2 potions of ambrosia
 e - 3 potions of might
 i - 2 potions of curing
 p - 4 potions of flight
 s - a potion of degeneration {unknown}
 w - a potion of lignification {unknown}
 z - 2 potions of brilliance
 Q - a potion of haste {unknown}
 S - a potion of magic {unknown}
Miscellaneous
 k - a phial of floods


   Skills:
 + Level 10.7 Fighting
 * Level 14.5 Axes
 + Level 8.3 Throwing
 - Level 3.2 Dodging
 - Level 1.5 Stealth
 + Level 5.0 Translocations
 + Level 7.1 Invocations


You had 5 spell levels left.
You knew the following spells:

 Your Spells              Type           Power      Damage    Failure   Level
a - Manifold Assault      Tloc           18%        N/A       100%        5

Your spell library contained the following spells:

 Spells                   Type           Power      Damage    Failure   Level
 Gell's Gravitas          Tloc           18%        N/A       69%         3
 Beastly Appendage        Tmut           0%         N/A       95%         1
 Foxfire                  Conj/Fire      0%         2x1d4     95%         1
 Passage of Golubria      Tloc           18%        N/A       97%         4
 Poisonous Vapours        Pois/Air       0%         N/A       98%         2
 Wereblood                Tmut           0%         N/A       98%         2
 Conjure Flame            Conj/Fire      0%         6-21      100%        3
 Inner Flame              Hex/Fire       0%         N/A       100%        3
 Spider Form              Tmut/Pois      0%         N/A       100%        3
 Anguish                  Hex/Necr       0%         N/A       100%        4
 Cause Fear               Hex            0%         N/A       100%        4
 Flame Wave               Conj/Fire      0%         2d4       100%        4
 Fireball                 Conj/Fire      0%         3d3       100%        5
 Conjure Ball Lightning   Conj/Air       0%         3x3d6     100%        6
 Dragon Form              Tmut           0%         N/A       100%        7
 Enfeeble                 Hex            0%         N/A       100%        7
 Borgnjor's Revivificati  Necr           0%         N/A       100%        8
 Necromutation            Tmut/Necr      0%         N/A       100%        8
 Death's Door             Necr           0%         N/A       100%        9
 Dragon's Call            Summ           0%         N/A       100%        9


Dungeon Overview and Level Annotations

Branches:
Dungeon (11/15)            Temple (1/1) D:5            Lair (0/5) D:8
    Orc (0/2) D:9

Altars:
Ashenzari
Cheibriados
Dithmenos
Elyvilon
Fedhas
Gozag
Hepliaklqana
Kikubaaqudgha
Makhleb
Okawaru
Ru
Sif Muna
Trog
Uskayaw
Vehumet
Wu Jian
Xom
Yredelemnul
Zin
The Shining One

Shops:
D:11 *

Annotations:
D:8 6 transporters
D:11 exclusion: ice statue, Sonja


Innate Abilities, Weirdness & Mutations

You have a pair of horns on your head.
You reflexively headbutt those who attack you in melee.
You are frail. (-10% HP)


Message History

You slash the glowing orange brain!
You are no longer terrified.
You kill the glowing orange brain!
Cheibriados appreciates the change of pace.
The small abomination dissolves into shadows!
The dire elephant zombie dissolves into shadows!
The small abomination dissolves into shadows!
You are suddenly pulled into a different region of the Abyss!
You feel better.
You start resting.
A large abomination comes into view.
You hit the large abomination but do no damage.
The large abomination completely misses you.
You furiously retaliate!
You headbutt the large abomination! You slash the large abomination!
You headbutt the large abomination, but do no damage.
The large abomination is heavily damaged.
You barely miss the large abomination.
The large abomination is heavily damaged.
The large abomination hits you!
You hit the large abomination but do no damage.
You headbutt the large abomination.
The large abomination is heavily damaged.
The large abomination hits you but does no damage.
You hit the large abomination but do no damage.
You headbutt the large abomination, but do no damage.
The large abomination is heavily damaged.
The large abomination hits you but does no damage.
You hit the large abomination but do no damage.
You headbutt the large abomination.
The large abomination is severely damaged.
You hit the large abomination but do no damage.
Your headbutt misses the large abomination.
The large abomination is severely damaged.
The large abomination hits you!!
* * * LOW HITPOINT WARNING * * *
You hit the large abomination.
The large abomination is severely damaged.
The large abomination hits you!
You die...

. # ... .
# . . #. .
. #. # .
## #...#.
# .## #
#..###..#
.. #...#@#
# . . #X##
# .
#.....#.X#
..###..
.## .
...####
.#.. # ...
...# ....


You could see a large abomination.

Vanquished Creatures
  Fannar (D:11)
  A two-headed ogre (D:9)
  A thrashing horror (Abyss:1)
  A glowing orange brain (Abyss:1)
  A manticore (D:11)
  A gargoyle (D:10)
  Joseph (D:8)
  An unseen horror (D:10)
  An unseen horror zombie (D:10)
  2 komodo dragons (D:8)
  A troll (D:9)
  A silent spectre (Abyss:1)
  Grinder (D:3)
  3 blink frogs (Abyss:1)
  A vampire (D:10)
  15 yaks
  4 wraiths
  2 wyverns
  3 neqoxecs (Abyss:1)
  A steam dragon (D:8)
  An acid dragon (D:10)
  5 water moccasins
  2 orc warriors (D:8)
  3 ice beasts
  4 black bears
  3 sky beasts
  An ogre (D:4)
  5 centaurs
  3 kobold brigands
  A phantom (D:7)
  6 bullfrogs
  2 scorpions
  2 necrophages
  A small abomination (Abyss:1)
  10 killer bees
  3 howler monkeys
  A centaur zombie (D:10)
  2 hounds
  A jelly (D:7)
  3 orc priests
  A gnoll bouda (D:7)
  Jessica (D:2)
  4 orc wizards
  13 adders
  4 ufetubi
  2 worms (D:2)
  27 orcs
  10 endoplasms
  2 giant cockroaches
  8 hobgoblins
  5 quokkas
  11 ball pythons
  5 bats
  2 frilled lizards
  2 goblins
  27 kobolds
  4 rats
230 creatures vanquished.

Vanquished Creatures (collateral kills)
  6 yaks (D:9)
  A steam dragon (D:9)
  An orc warrior (D:9)
  An orc (D:9)
9 creatures vanquished.

Vanquished Creatures (others)
  32 fungi (D:8)
  37 plants (D:8)
69 creatures vanquished.

Grand Total: 308 creatures vanquished

Notes
Turn   | Place    | Note
-------+----------+-------------------------------------------
     0 | D:1      | LustLizard the Minotaur Monk began the quest for the Orb.
     0 | D:1      | Reached XP level 1. HP: 19/19 MP: 0/0
   425 | D:1      | Reached skill level 4 in Axes
   568 | D:1      | Reached XP level 2. HP: 25/27 MP: 1/1
  1072 | D:2      | Noticed Jessica
  1097 | D:2      | Killed Jessica
  1098 | D:2      | Reached skill level 1 in Throwing
  1098 | D:2      | Reached XP level 3. HP: 31/33 MP: 2/2
  1207 | D:2      | Got the Incunable of Ensnaring Fog
  1412 | D:2      | Reached skill level 5 in Axes
  1412 | D:2      | Reached XP level 4. HP: 37/41 MP: 3/3
  1883 | D:2      | Found a faded altar of an unknown god.
  2530 | D:3      | Reached XP level 5. HP: 47/47 MP: 1/4
  2947 | D:3      | Found an iron altar of Okawaru.
  2971 | D:3      | Noticed Grinder
  2974 | D:3      | Paralysed by Grinder for 2 turns
  2979 | D:3      | Paralysed by Grinder for 5 turns
  2987 | D:3      | Killed Grinder
  2988 | D:3      | Reached skill level 5 in Fighting
  2988 | D:3      | Reached skill level 6 in Axes
  2988 | D:3      | Reached XP level 6. HP: 29/56 MP: 1/5
  3180 | D:3      | Got Sif Muna's Vellum of Quantum Kindling
  3536 | D:4      | Reached skill level 7 in Axes
  3801 | D:4      | Reached XP level 7. HP: 48/62 MP: 2/6
  4059 | D:5      | Entered Level 5 of the Dungeon
  4172 | D:5      | Found a staircase to the Ecumenical Temple.
  4181 | Temple   | Entered the Ecumenical Temple
  4240 | Temple   | Became a worshipper of Cheibriados the Contemplative
  4240 | Temple   | Reached * piety under Cheibriados
  4240 | Temple   | Reached ** piety under Cheibriados
  4299 | D:5      | Reached skill level 8 in Axes
  4684 | D:5      | Found a white marble altar of Elyvilon.
  5063 | D:5      | Reached skill level 1 in Invocations
  5063 | D:5      | Reached XP level 8. HP: 67/71 MP: 2/7
  5389 | D:6      | Learned a level 5 spell: Manifold Assault
  5500 | D:6      | Reached skill level 9 in Axes
  5985 | D:6      | Found a shadowy altar of Dithmenos.
  5985 | D:6      | Found a blossoming altar of Fedhas.
  5986 | D:6      | Found a shimmering blue altar of Sif Muna.
  6231 | D:7      | Reached skill level 5 in Throwing
  6236 | D:7      | Reached *** piety under Cheibriados
  6237 | D:7      | Reached skill level 1 in Translocations
  6491 | D:7      | Reached skill level 10 in Axes
  6570 | D:7      | Reached XP level 9. HP: 77/79 MP: 3/10
  7820 | D:8      | Noticed a komodo dragon
  7831 | D:8      | Killed a komodo dragon
  7832 | D:8      | Reached skill level 11 in Axes
  7841 | D:8      | Reached **** piety under Cheibriados
  7879 | D:8      | Noticed a komodo dragon
  7893 | D:8      | Killed a komodo dragon
  8086 | D:8      | Reached XP level 10. HP: 76/90 MP: 4/12
  8192 | D:8      | Found a staircase to the Lair.
  8308 | D:8      | Found a transporter.
  8310 | D:8      | Found a transporter.
  8346 | D:8      | Found a transporter.
  8351 | D:8      | Found a transporter.
  8378 | D:8      | Noticed Joseph
  8386 | D:8      | Killed Joseph
  8580 | D:8      | Identified the +1 leather armour of the Shining Light
                  | {Will+ Dex+3}
  8774 | D:8      | Found a transporter.
  8790 | D:8      | Found a transporter.
  9060 | D:9      | Reached skill level 12 in Axes
  9060 | D:9      | Reached skill level 5 in Invocations
  9381 | D:9      | Found a staircase to the Orcish Mines.
  9403 | D:9      | Reached ***** piety under Cheibriados
  9706 | D:9      | Noticed a two-headed ogre
  9711 | D:9      | Killed a two-headed ogre
  9713 | D:9      | Reached skill level 13 in Axes
 10092 | D:9      | Reached XP level 11. HP: 91/97 MP: 4/14
 10487 | D:10     | Entered Level 10 of the Dungeon
 11147 | D:10     | Found a basalt altar of Yredelemnul.
 11202 | D:10     | Reached skill level 10 in Fighting
 12039 | D:11     | Found Inulerut's Assorted Antiques.
 12148 | D:11     | Bought a scroll labelled ITYASHRU YSUISE for 26 gold pieces
 12153 | D:11     | Noticed Fannar
 12188 | D:11     | Killed Fannar
 12196 | D:11     | Reached skill level 14 in Axes
 12513 | D:11     | Noticed Sonja
 12516 | Abyss:1  | Cast into level 1 of the Abyss (Sonja)
 12853 | Abyss:1  | Gained mutation: You occasionally lose the ability to drink
                  | potions when taking damage. [a neqoxec]
 12865 | Abyss:1  | Lost mutation: You occasionally lose the ability to drink
                  | potions when taking damage. [potion of mutation]
 12865 | Abyss:1  | Gained mutation: You are frail. (-10% HP) [potion of
                  | mutation]
 12870 | Abyss:1  | Noticed a thrashing horror
 12878 | Abyss:1  | Killed a thrashing horror
 13026 | Abyss:1  | Reached skill level 5 in Translocations
 13064 | Abyss:1  | Noticed a glowing orange brain
 13081 | Abyss:1  | Killed a glowing orange brain
 13181 | Abyss:1  | Noticed a large abomination
 13189 | Abyss:1  | HP: 3/90 [large abomination (30)]
 13190 | Abyss:1  | Mangled by a large abomination

Illustrated notes

Levels and vault maps discovered:
D:1:      matt_arrival_diagonals, layout_basic
D:2:      cheibrodos_helix_gallery, layout_rooms,
          dilly_ecumenical_altar_fadedgnrine, kennysheep_potato, uniq_jessica
D:3:      layout_basic, okawaru_metal_pillars_1_2, minmay_misc_feat_alley,
          minmay_snake_closets, uniq_grinder
D:4:      layout_cave_pools
D:5:      layout_gridville, elyvilon_altar_5, minmay_temple_entry_arrows
D:6:      layout_loops_corners, gammafunk_temple_overflow_claw
D:7:      minmay_polygon_palace, layout_rooms, minivault_4
D:8:      layout_basic, due_lair_maze_entry_diamond, serial_nicolae_subway,
          nicolae_sub_station_metal, nicolae_sub_station_stone,
          nicolae_sub_station_crystal, uniq_joseph
D:9:      layout_small_grid, david_orc_3
D:10:     layout_gridville, lemuel_zombie_altar_yredelemnul
D:11:     layout_basic, serial_shops,
          nicolae_shop_temple_entry_statues_fountains, minivault_16,
          uniq_psyche, uniq_sonja, uniq_grum, uniq_fannar
Temple:   nicolae_temple_superstar
Abyss:1:  base: D:11, evilmike_abyss_exit_10

Skill      XL: |  1  2  3  4  5  6  7  8  9 10 11 |
---------------+----------------------------------+-----
Axes           | 4 5 6 7 8 10 11 13 14 | 14.5
Fighting       | 4 5 6 7 8 9 10 | 10.7
Throwing       | 1 2 3 4 5 6 7 8 |  8.3
Invocations    | 1 3 4 5 7 |  7.1
Translocations | 1 2 4 5 |  5.0
Dodging        | |  3.2
Stealth        | |  1.5

Action                   |  1- 3 |  4- 6 |  7- 9 | 10-12 || total
-------------------------+-------+-------+-------+-------++-------
Melee: Hand axe          |    78 |   122 |   214 |   325 ||   739
       Headbutt          |    11 |    18 |    48 |    89 ||   166
       Punch             |       |       |     1 |       ||     1
Throw: Stone             |       |       |    32 |       ||    32
       Boomerang         |       |       |     6 |    10 ||    16
       Throwing net      |       |       |     3 |       ||     3
       Dart              |       |       |     7 |     5 ||    12
Invok: Temporal Distorti |       |       |       |     1 ||     1
  Use: Scroll            |       |     3 |     5 |     5 ||    13
       Potion            |       |     1 |       |     2 ||     3
 Stab: Sleeping          |     1 |       |       |       ||     1
Armor: Robe              |     4 |       |       |       ||     4
       Ring mail         |    19 |     4 |       |       ||    23
       Scale mail        |       |    27 |       |       ||    27
       Plate armour      |       |    32 |   112 |   127 ||   271
Dodge: Dodged            |    38 |    56 |    79 |   110 ||   283
Block: Buckler           |       |       |     5 |    70 ||    75
